 Dungeon Crawl Stone Soup version 0.26.1-2-gb8aa6d0cf2 (webtiles) character file.

Game seed: 10529487889627207143

67 Gadfly the Skirmisher (level 4, -1/48 HPs)
             Began as an Ogre Monk on Feb 12, 2021.
             Slain by a hobgoblin
             ... wielding a +0 club
              (3 damage)
             ... on level 2 of the Dungeon.
             The game lasted 00:01:41 (1737 turns).

Gadfly the Skirmisher (Ogre Monk)                   Turns: 1737, Time: 00:01:41

Health: -1/48      AC:  3    Str: 16    XL:     4   Next: 18%
Magic:  5/5        EV: 10    Int: 11    God:
Gold:   47         SH:  0    Dex: 11    Spells: 3/3 levels left

rFire    . . .     SeeInvis .   a - +0 mace
rCold    . . .     Faith    .   (no shield)
rNeg     . . .     Spirit   .   f - +0 robe
rPois    .         Reflect  .   (helmet restricted)
rElec    .         Harm     .   (no cloak)
rCorr    .         Rampage  .   (gloves unavailable)
Will     .....                  (boots unavailable)
Stlth    +++.......             k - amulet of the acrobat
HPRegen  0.16/turn              j - ring of stealth
MPRegen  0.09/turn              (no ring)

@: no status effects
A: large, unfitting armour, tough skin 1
a: no special abilities


You were on level 2 of the Dungeon.
You visited 1 branch of the dungeon, and saw 2 of its levels.

You collected 47 gold pieces.

Inventory:

Hand Weapons
 a - a +0 mace (weapon)
 b - a +1 dagger of flaming
Missiles
 e - 68 stones (quivered)
Armour
 f - a +0 robe (worn)
Jewellery
 g - an uncursed ring of ice
 j - a ring of stealth (left hand)
 k - an amulet of the acrobat (around neck)
Potions
 c - a potion of berserk rage {unknown}
 d - a potion of flight
 h - a potion of cancellation {unknown}
 i - a potion of lignification {unknown}
 l - a potion of haste {unknown}


   Skills:
 - Level 4.0 Fighting
 + Level 2.9 Maces & Flails
 * Level 1.3 Throwing
 * Level 1.2 Armour
 - Level 2.6 Dodging
 - Level 1.4 Stealth
 * Level 1.7 Invocations
 * Level 1.1 Evocations


You had 3 spell levels left.
You didn't know any spells.
Your spell library was empty.

Dungeon Overview and Level Annotations

Branches:
Dungeon (2/15)

Altars:


Innate Abilities, Weirdness & Mutations

You are too large for most types of armour.
You have tough skin. (AC +1)


Message History

The hobgoblin is moderately wounded.
The hobgoblin closely misses you.
You hit the hobgoblin but do no damage.
The hobgoblin is lightly wounded.
The hobgoblin barely misses you.
You hit the hobgoblin but do no damage.
The hobgoblin is lightly wounded.
The hobgoblin barely misses you.
You hit the hobgoblin.
The hobgoblin is heavily wounded.
The hobgoblin hits you with a +0 club.
* * * LOW HITPOINT WARNING * * *
You hit the hobgoblin but do no damage.
The hobgoblin is heavily wounded.
The hobgoblin barely misses you.
The hobgoblin hits you but does no damage.
You closely miss the hobgoblin.
The hobgoblin is heavily wounded.
The hobgoblin hits you with a +0 club.
You die...

..........#..#####>..#
#...... #...###...#..#
###...### #.#####
#...###...#..###.......####.#
..........#.................#
##..####..##.###....†..######
#...............#...###
##..####.#######.#...#
#........# #g##### #...######
#@# ....# #.# #..## #<# #..#
#.# #..# #.# ...# #.# #.##
#.# #.# #.# #.# ###.#


You could see a hobgoblin.

Vanquished Creatures
  4 adders (D:2)
  A dart slug (D:1)
  A leopard gecko (D:1)
  4 goblins (D:1)
  A hobgoblin (D:1)
  5 jackals (D:1)
  4 kobolds (D:1)
  4 bats
  2 frilled lizards
  5 rats (D:1)
31 creatures vanquished.

Notes
Turn   | Place    | Note
-------+----------+-------------------------------------------
     0 | D:1      | Gadfly the Ogre Monk began the quest for the Orb.
     0 | D:1      | Reached XP level 1. HP: 24/24 MP: 1/1
   222 | D:1      | Reached XP level 2. HP: 32/32 MP: 2/2
   651 | D:1      | Reached skill level 1 in Invocations
   734 | D:1      | Reached XP level 3. HP: 29/39 MP: 3/3
  1188 | D:2      | Reached skill level 1 in Throwing
  1188 | D:2      | Reached skill level 1 in Armour
  1188 | D:2      | Reached skill level 1 in Evocations
  1663 | D:2      | Reached XP level 4. HP: 25/48 MP: 5/5
  1735 | D:2      | HP: 1/48 [hobgoblin/+0 club (3)]
  1737 | D:2      | Slain by a hobgoblin

Illustrated notes

Levels and vault maps discovered:
D:1:      giann_wishing_wells, layout_loops_ring
D:2:      layout_loops_ring, bloody_trog

Skill      XL: |  1  2  3 |
---------------+----------+-----
Invocations    | 1 |  1.7
Throwing       | 1 |  1.3
Armour         | 1 |  1.2
Evocations     | 1 |  1.1
Fighting       | |  4.0
Maces & Flails | |  2.9
Dodging        | |  2.6
Stealth        | |  1.4

Action                   |  1- 3 |  4- 6 || total
-------------------------+-------+-------++-------
Melee: Mace              |    22 |     9 ||    31
       Dagger            |    68 |    41 ||   109
  Use: Scroll            |     4 |       ||     4
       Potion            |     1 |       ||     1
 Stab: Sleeping          |     2 |       ||     2
Armor: Robe              |    23 |     6 ||    29
Dodge: Dodged            |    56 |    23 ||    79
